 Dungeon Crawl Stone Soup version 0.30.1-11-g7821555f0a (webtiles) character file.

Game seed: 7650430910061832928

11383 Queen the Fighter (level 11, -22/101 HPs)
             Began as a Minotaur Fighter on Nov 12, 2023.
             Was a High Priest of Okawaru.
             Shot with an arrow by a centaur warrior (28 damage)
             ... on level 10 of the Dungeon.
             The game lasted 00:39:58 (10838 turns).

Queen the Fighter (Minotaur Fighter)               Turns: 10838, Time: 00:39:59

Health: -22/101    AC: 19    Str: 25    XL:     11   Next: 48%
Magic:  11/13      EV: 12    Int:  5    God:    Okawaru [*****.]
Gold:   620        SH:  0    Dex: 10    Spells: 10/10 levels left

rFire   . . .        a - +2 halberd (elec)
rCold   . . .        (shield currently unavailable)
rNeg    . . .        H - +0 swamp dragon scales
rPois   +            (helmet restricted)
rElec   .            J - +0 cloak
rCorr   .            S - +0 pair of gloves
SInv    .            q - +2 pair of boots
Will    .....        (no amulet)
Stlth   ++           (no ring)
HPRegen 0.36/turn    (no ring)
MPRegen 0.13/turn

%: no passive effects
@: about to teleport, heroic, hasted, studying Spellcasting, very quick
A: horns 2, retaliatory headbutt
a: Renounce Religion, Heroism, Finesse, Duel


You were on level 10 of the Dungeon.
You worshipped Okawaru.
Okawaru was extremely pleased with you.
You visited 1 branch of the dungeon, and saw 10 of its levels.
You also visited: Bailey.

You collected 620 gold pieces.

Inventory:

Hand Weapons
 a - a +2 halberd of electrocution (weapon)
 c - the +7 spear of Sudden Death {elec, rElec Will+ rCorr}
   (Okawaru gifted it to you on level 10 of the Dungeon)

   rElec:     It insulates you from electricity.
   rCorr:     It protects you from acid and corrosion.
   Will:      It increases your willpower.
Missiles
 t - 6 silver javelins
 u - 46 stones
 B - 23 poisoned darts (quivered)
 D - 4 boomerangs
 K - 2 atropa-tipped darts
 L - 2 datura-tipped darts
 N - a curare-tipped dart
Armour
 q - a +2 pair of boots (worn)
 A - a +0 troll leather armour
 H - +0 swamp dragon scales (worn)
 J - a +0 cloak (worn)
 S - a +0 pair of gloves (worn)
Wands
 n - a wand of light (12)
 v - a wand of iceblast (1)
 y - a wand of charming (22)
 F - a wand of flame (8)
Scrolls
 e - 5 scrolls of teleportation
 g - a scroll of vulnerability
 i - 3 scrolls of noise
 j - 3 scrolls of magic mapping
 k - a scroll of poison
 o - 2 scrolls of enchant armour
 r - a scroll of blinking
 s - 2 scrolls of torment {unknown}
 z - a scroll of immolation {unknown}
 G - a scroll of silence {unknown}
 I - a scroll of brand weapon {unknown}
 M - a scroll of identify
Potions
 b - a potion of cancellation {unknown}
 d - 3 potions of might
 h - 6 potions of heal wounds
 l - a potion of ambrosia
 m - 6 potions of haste
 p - 3 potions of curing
 w - 3 potions of brilliance
 x - 5 potions of mutation
 C - 2 potions of lignification {unknown}
 E - 2 potions of magic {unknown}
 P - a potion of resistance {unknown}


   Skills:
 + Level 10.8(15.8) Fighting
 + Level 10.3(15.3) Polearms
 + Level 5.3(10.3) Throwing
 + Level 10.7(15.7) Armour
 - Level 10.0(15.0) Shields
 + Level 4.6 Invocations
 - Level 3.0 Evocations


You had 10 spell levels left.
You didn't know any spells.
Your spell library contained the following spells:

 Spells                   Type           Power      Damage    Failure   Level
 Lesser Beckoning         Tloc           0%         N/A       71%         2
 Scorch                   Fire           0%         2d5       71%         2
 Gell's Gravitas          Tloc           0%         N/A       91%         3
 Teleport Other           Tloc           0%         N/A       91%         3
 Volatile Blastmotes      Fire/Tloc      0%         2d10      91%         3
 Flame Wave               Conj/Fire      0%         2d4       100%        4
 Fulminant Prism          Conj/Hex       0%         3d5       100%        4
 Iskenderun's Mystic Bla  Conj/Tloc      0%         2d3       100%        4
 Leda's Liquefaction      Hex/Erth       0%         N/A       100%        4
 Lee's Rapid Deconstruct  Erth           0%         3d4*      100%        5
 Statue Form              Tmut/Erth      0%         N/A       100%        6
 Summon Cactus Giant      Summ           Unusable   N/A       N/A         6

Dungeon Overview and Level Annotations

Branches:
Dungeon (10/15)            Temple (0/1) D:6            Lair (0/5) D:9
    Orc (0/2) D:10         Bailey (visited)

Altars:
Okawaru
Qazlal
Ru
Uskayaw
Vehumet
The Shining One

Shops:
D:7 *   D:8 (

Annotations:
D:3 exclusion: downstairs
D:4 2 transporters, zamzamzam's ghost, amateur HuMo
D:5 2 runed translucent doors, Beranek's ghost, novice GrFi
D:6 exclusion: downstairs
D:7 exclusion: downstairs
D:8 exclusion: 2 downstairs


Innate Abilities, Weirdness & Mutations

You have a pair of horns on your head.
You reflexively headbutt those who attack you in melee.


Message History

The troll bites you! The troll completely misses you.
The troll claws you but does no damage.
You feel yourself speed up.
The centaur warrior hits you but does no damage.
The centaur warrior kicks you but does no damage.
The troll barely misses you. The troll closely misses you. The troll claws you!
* * * LOW HITPOINT WARNING * * *
The centaur warrior hits you!
* * * LOW HITPOINT WARNING * * *
The centaur warrior kicks you but does no damage.
You feel much better. The centaur warrior closely misses you.
The centaur warrior barely misses you.
You impale the troll!! You headbutt the troll.
The troll is almost dead.
A howler monkey comes into view.
The howler monkey howls!
You hit the troll. Lightning courses through the troll!
You kill the troll!
Okawaru accepts your kill.
You hear a shout!
You gain the combat prowess of a mighty hero.
Reach: a) +2 halberd (elec)
Press: ? - help, Dir - move target, f - centaur warrior
Aim: a centaur warrior (about 26% to evade your +2 halberd of electrocution)
You reach to attack!
You impale the centaur warrior!!
The centaur warrior is moderately wounded.
The centaur warrior wields a +2 heavy longbow.
The centaur warrior shoots an arrow.
The arrow hits you!!
* * * LOW HITPOINT WARNING * * *
You feel much better.
A centaur comes into view.
A howler monkey comes into view.
As you read the scroll of teleportation, it crumbles to dust.
You feel strangely unstable.
The centaur warrior shoots an arrow.
The arrow hits you!!
* * * LOW HITPOINT WARNING * * *
As you read the scroll of fog, it crumbles to dust.
The scroll dissolves into smoke.
The howler monkey hoots and howls with incredible vigour!
The centaur warrior shoots an arrow.
The arrow hits you!!
You die...

..# #.# #.######## ###
#........####### #..
#)#.#..#c).....# #.#
#.#..##.h#.#.#.# #.#
#.#.§##§§# c# ###.###
#.#§#§h#§# .# #.....#
##.#§§@§c§# T.
##.###.####..#########
## ...# #...#...#..
#.h .#.# #.#<##..#.$
.## .#..>..#.###.## #
.###<###.# #.# .....#
#.###.#### .#####
#........#
.#######..#####.#


You could see a centaur warrior and a howler monkey (catching breath).

Vanquished Creatures
  4 two-headed ogres
  An ugly thing (D:9)
  Maggie (D:8)
  A komodo dragon (D:8)
  Psyche (D:8)
  2 trolls (D:10)
  A hornet (D:8)
  Grinder (D:3)
  A slime creature (D:8)
  Sigmund (D:4)
  A shadow (D:8)
  4 wyverns
  Grum (D:8)
  2 steam dragons
  Menkaure (D:7)
  An acid dragon (D:8)
  3 water moccasins
  2 ice beasts
  6 black bears
  5 orc warriors
  4 sky beasts
  7 centaurs
  3 wolves (D:8)
  5 kobold brigands
  2 phantoms
  Blork the orc (D:5)
  4 bullfrogs
  2 gnoll sergeants
  A scorpion (D:5)
  6 wights
  4 howler monkeys
  2 jellies
  6 orc priests
  A gnoll bouda (D:5)
  6 hounds
  7 iguanas
  4 orc wizards
  27 gnolls
  9 adders
  A shadow imp (D:7)
  2 white imps (D:7)
  An ufetubus (D:6)
  2 worms
  A dart slug (D:2)
  46 orcs
  7 bats
  9 endoplasms
  2 giant cockroaches
  8 goblins
  3 hobgoblins
  14 jackals
  8 quokkas
  4 ball pythons
  2 frilled lizards (D:1)
  16 kobolds
  8 rats
275 creatures vanquished.

Vanquished Creatures (others)
  A gnoll (D:7)
1 creature vanquished.

Grand Total: 276 creatures vanquished

Notes
Turn   | Place    | Note
-------+----------+-------------------------------------------
     0 | D:1      | Queen the Minotaur Fighter began the quest for the Orb.
     0 | D:1      | Reached XP level 1. HP: 19/19 MP: 0/0
   104 | D:1      | Reached XP level 2. HP: 27/27 MP: 1/1
   645 | D:2      | Reached XP level 3. HP: 33/33 MP: 2/2
  1088 | D:3      | Noticed Grinder
  1103 | D:3      | Killed Grinder
  1104 | D:3      | Reached skill level 5 in Fighting
  1104 | D:3      | Reached skill level 5 in Armour
  1104 | D:3      | Reached skill level 5 in Shields
  1104 | D:3      | Reached XP level 4. HP: 38/42 MP: 3/3
  1104 | D:3      | Reached XP level 5. HP: 43/48 MP: 4/4
  1365 | D:3      | Reached XP level 6. HP: 56/56 MP: 5/5
  1985 | D:3      | Found a sacrificial altar of Ru.
  2234 | D:4      | Noticed Sigmund
  2546 | D:4      | Found a transporter.
  2548 | D:4      | Noticed zamzamzam's ghost (amateur HuMo)
  2783 | D:4      | Killed Sigmund
  2784 | D:4      | Reached skill level 5 in Polearms
  2784 | D:4      | Reached XP level 7. HP: 39/63 MP: 6/6
  2882 | D:4      | Found a transporter.
  3076 | D:5      | Entered Level 5 of the Dungeon
  3352 | D:5      | Found a runed translucent door.
  3357 | D:5      | Noticed Beranek's ghost (novice GrFi)
  3502 | D:5      | Found a runed translucent door.
  3530 | D:5      | Reached skill level 1 in Throwing
  3671 | D:5      | Noticed Blork the orc
  3691 | D:5      | Killed Blork the orc
  3692 | D:5      | Reached XP level 8. HP: 63/71 MP: 7/7
  4107 | D:5      | Found a stormy altar of Qazlal.
  4107 | D:5      | Found a hide-covered altar of Uskayaw.
  4115 | D:5      | Found a faded altar of an unknown god.
  4117 | D:5      | Found a faded altar of an unknown god.
  4119 | D:5      | Found an iron altar of Okawaru.
  4131 | D:5      | Became a worshipper of Warmaster Okawaru
  4420 | D:6      | Reached * piety under Okawaru
  4421 | D:6      | Found a staircase to the Ecumenical Temple.
  5406 | D:7      | Reached XP level 9. HP: 79/81 MP: 8/8
  5706 | D:7      | Found Fabijos's General Store.
  5767 | D:7      | Noticed Menkaure
  5777 | D:7      | Killed Menkaure
  6001 | D:7      | Identified the +0 robe of the Sun {Dex+3 Archmagi}
  6186 | D:7      | Reached ** piety under Okawaru
  6289 | D:8      | Noticed Psyche
  6297 | D:8      | Killed Psyche
  6573 | D:8      | Noticed Maggie
  6589 | D:8      | Killed Maggie
  6590 | D:8      | Reached skill level 1 in Evocations
  6789 | D:8      | Reached *** piety under Okawaru
  6791 | D:8      | Noticed Grum
  6987 | D:8      | Reached XP level 10. HP: 91/91 MP: 9/9
  7076 | D:8      | Reached skill level 1 in Invocations
  7472 | D:8      | Killed Grum
  7570 | D:8      | Noticed a two-headed ogre
  7580 | D:8      | Killed a two-headed ogre
  7580 | D:8      | Reached **** piety under Okawaru
  7662 | D:8      | Found a radiant altar of Vehumet.
  8319 | D:8      | Found Zoskux's Weapon Shoppe.
  8397 | D:9      | Reached skill level 10 in Fighting
  8474 | D:9      | Found a glowing golden altar of the Shining One.
  8565 | D:9      | Noticed a two-headed ogre
  8577 | D:9      | Killed a two-headed ogre
  8577 | D:9      | Reached ***** piety under Okawaru
  8578 | D:9      | Reached skill level 10 in Armour
  8578 | D:9      | Reached skill level 10 in Shields
  8862 | D:9      | Noticed a two-headed ogre
  8865 | D:9      | Received a gift from Okawaru
  9033 | D:9      | Reached XP level 11. HP: 100/100 MP: 12/12
  9073 | D:9      | Found a staircase to the Lair.
  9087 | D:9      | Noticed a two-headed ogre
  9247 | D:9      | Killed a two-headed ogre
  9247 | D:9      | Received a gift from Okawaru
  9768 | D:10     | Entered Level 10 of the Dungeon
  9811 | D:10     | Noticed a red ugly thing
  9823 | D:9      | Killed a red ugly thing
  9824 | D:9      | Reached skill level 10 in Polearms
  9824 | D:9      | Reached skill level 5 in Throwing
  9932 | D:10     | Found a flagged portal.
  9938 | Bailey   | Entered a bailey
 10703 | D:10     | Found a staircase to the Orcish Mines.
 10785 | D:10     | Noticed a centaur warrior
 10805 | D:10     | Noticed a two-headed ogre
 10808 | D:10     | Killed a two-headed ogre
 10808 | D:10     | Identified the +7 spear of Sudden Death {elec, rElec Will+
                  | rCorr} (Okawaru gifted it to you on level 10 of the
                  | Dungeon)
 10808 | D:10     | Received a gift from Okawaru
 10835 | D:10     | HP: 5/101 [centaur warrior/arrow (27)]
 10838 | D:10     | Shot with an arrow by a centaur warrior

Illustrated notes

Levels and vault maps discovered:
D:1:      heliophobic_arrival_enchanted_forest, layout_basic
D:2:      layout_basic
D:3:      layout_loops_corners, nicolae_ru_path_of_blood, uniq_grinder
D:4:      layout_cave_pools, gammafunk_ghost_mausoleum, uniq_sigmund
D:5:      layout_loops_ring, chequers_temple_overflow_minitemple,
          ebering_ghost_sewer_f, minmay_misc_feat_iff, uniq_blork_the_orc
D:6:      layout_loops_ring, minmay_temple_entry_water_ring
D:7:      layout_rooms, serial_shops, shop, dk_noncrumbling_3,
          nicolae_concentric_dashed_squares_mild,
          chequers_serial_rivers_micro_b, minivault_27, minmay_manual_mares,
          uniq_menkaure
D:8:      hangedman_cross_stitches, layout_basic, fiery_altar_vehumet,
          serial_shops, nicolae_shop_trees, dk_noncrumbling_4,
          minmay_quadrilaterals, uniq_maggie, uniq_grum, uniq_psyche
D:9:      layout_cave_pods, tso_altar, due_lair_maze_entry_diamond,
          minmay_misc_feat_x
D:10:     minmay_clustersquares, layout_loops_ring, orc_0_dummy, enter_bailey_3,
          amcnicky_mini_rare_corridor_liquid

Skill      XL: |  1  2  3  4  5  6  7  8  9 10 11 |
---------------+----------------------------------+-----
Shields        | 4 5 6 7 9 10 | 10.0
Fighting       | 4 5 6 7 9 10 | 10.8
Armour         | 4 5 6 7 9 10 | 10.7
Polearms       | 3 4 5 7 8 9 10 | 10.3
Throwing       | 1 3 4 5 |  5.3
Evocations     | 2 3 |  3.0
Invocations    | 3 4 |  4.6

Action                     |  1- 3 |  4- 6 |  7- 9 | 10-12 || total
---------------------------+-------+-------+-------+-------++-------
  Melee: Trident           |   109 |    77 |   122 |   106 ||   414
         Headbutt          |    17 |    12 |    42 |    44 ||   115
         Spear             |       |    23 |   181 |       ||   204
         Halberd           |       |       |       |   220 ||   220
  Throw: Throwing net      |     1 |       |       |       ||     1
         Stone             |       |       |     4 |       ||     4
         Javelin           |       |       |     1 |     9 ||    10
         Dart              |       |       |       |    18 ||    18
 Invoke: Heroism           |       |       |     1 |     3 ||     4
    Use: Scroll            |     1 |     1 |     8 |     6 ||    16
         Potion            |       |       |       |     3 ||     3
 Armour: Scale mail        |    47 |    49 |    79 |       ||   175
         Swamp dragon scal |       |       |     6 |   100 ||   106
         Skin              |       |       |     4 |       ||     4
  Dodge: Dodged            |    41 |    45 |    88 |   135 ||   309
  Block: Buckler           |    13 |    16 |    47 |    27 ||   103
